Map: Romanticide EC

Players

Bylkase

  • Race: Terran Terran
  • League: Diamond
  • Spawn Location: 5:00

MolagBal - Winner!

  • Race: Terran Terran
  • League: Diamond
  • Spawn Location: 11:00

VOD

Have the link to the VOD?

Description

Time

  • Played on: Nov. 4, 2020, 5:06 a.m.
  • Length: 15:38
Show
View Real Time Build Order
Export as new Build Order

Bylkase Terran 

Build Orders:  

Get SALT Encoding   

  12  0:00  SCV  
  13  0:12  SCV  
  14  0:17  Supply Depot  
  14  0:25  SCV  
  14  0:27  Refinery  
  15  0:39  SCV  
  16  0:45  Barracks  
  16  0:51  SCV  
  16  0:55  Refinery  
  17  1:03  SCV  
  18  1:16  SCV  
  19  1:31  Orbital Command  
  19  1:32  Reaper  
  20  1:37  Factory  
  20  1:48  Supply Depot  
  20  1:57  SCV  
  21  2:06  Reaper  
  22  2:10  SCV  
  23  2:21  Hellion  
  25  2:45  Hellion  
  25  2:48  Reaper  
  28  2:59  Command Center  
  28  3:00  SCV  
  28  3:01  Starport  
  29  3:08  Hellion  
  31  3:17  Supply Depot  
  30  3:25  Reaper  
  31  3:37  Factory Tech Lab  
  31  3:38  Starport Tech Lab  
  31  3:39  SCV  
  31  3:40  Supply Depot  
  32  3:51  SCV  
  33  3:57  Cyclone  
  33  4:00  Liberator  
  39  4:10  SCV  
  39  4:13  Orbital Command  
  39  4:16  Barracks Reactor  
  40  4:37  SCV  
  40  4:38  Siege Tank  
  44  4:43  Orbital Command  
  44  4:56  SCV  
  44  4:59  Marine x2  
  47  5:04  Barracks x2  
  47  5:05  Supply Depot  
  47  5:12  Siege Tank  
  47  5:13  Refinery  
  50  5:15  Refinery  
  50  5:18  Marine x2  
  50  5:20  SCV  
  53  5:28  Supply Depot  
  53  5:32  SCV  
  54  5:38  Marine x2  
  54  5:39  Raven  
  54  5:41  SCV  
  56  5:44  SCV  
  57  6:01  Marine x2  
  57  6:03  Barracks Reactor  
  59  6:04  SCV x2  
  61  6:14  Command Center  
  61  6:16  Supply Depot  
  61  6:19  Barracks Tech Lab  
  61  6:20  SCV  
  61  6:21  Marine x2, SCV  
  61  6:22  Siege Tank  
  61  6:23  Raven  
  70  6:39  Supply Depot  
  70  6:41  Stimpack, Barracks  
  70  6:42  Barracks  
  70  6:48  Marine  
  70  6:49  Marine x2  
  70  6:51  SCV  
  74  6:54  SCV  
  75  7:02  Marine x2  
  77  7:10  Marine x2  
  77  7:14  Supply Depot, SCV  
  80  7:19  Marine  
  80  7:20  SCV  
  82  7:26  SCV  
  82  7:29  Marine  
  84  7:30  Barracks Reactor  
  84  7:31  Barracks Reactor  
  84  7:39  Marine, Orbital Command  
  84  7:40  Marine  
  84  7:42  SCV  
  87  7:49  Marine x2  
  87  7:50  SCV  
  90  7:54  SCV  
  91  8:00  Orbital Command  
  91  8:01  Marine x2  
  91  8:02  Siege Tank  
  96  8:09  Factory, Starport Reactor  
  96  8:17  Engineering Bay  
  96  8:18  Engineering Bay  
  96  8:21  Marine x6  
  96  8:24  Combat Shield  
  102  8:28  SCV x2  
  102  8:30  SCV  
  105  8:38  Marine x3  
  105  8:39  Siege Tank  
  111  8:50  Marine x4  
  111  8:51  SCV x2  
  111  8:53  Factory Tech Lab  
  117  8:58  Terran Infantry Weapons Level 1  
  117  8:59  Terran Infantry Armor Level 1  
  117  9:24  Marine x6  
  117  9:25  Supply Depot, SCV x2  
  117  9:27  Supply Depot  
  125  9:47  Marine x4, SCV, Siege Tank  
  125  9:48  Marine x5, SCV x2, Siege Tank  
  141  10:15  Supply Depot x2  
  141  10:16  Marine x2  
  141  10:17  SCV x2, Medivac x2  
  149  10:32  Command Center  
  149  10:34  Armory  
  149  10:36  Marine x3, SCV x2, Siege Tank  
  149  10:37  Concussive Shells, Marine x3, SCV, Siege Tank  
  164  10:47  Marine, Medivac x2  
  164  10:48  Marine, SCV x2  
  164  10:49  SCV  
  173  10:56  Missile Turret  
  173  10:58  Missile Turret  
  173  10:59  Missile Turret  
  173  11:02  Refinery  
  173  11:03  Refinery  
  173  11:23  Supply Depot, Terran Infantry Armor Level 2  
  173  11:24  Supply Depot  
  173  11:40  Sensor Tower  
  173  11:43  Marine x8, Supply Depot  
  173  11:44  Supply Depot, SCV x3, Medivac x2  
  173  11:45  Marine  
  173  11:46  Terran Infantry Weapons Level 2  
  189  11:56  SCV  
  190  12:01  Marine x3  
  190  12:02  Marine x5  
  198  12:19  Marine  
  198  12:20  Marine x3, Siege Tank x2  
  198  12:21  Medivac x2  
  200  12:30  Planetary Fortress  
  200  12:40  Barracks  
  200  12:41  Barracks x2  
  200  12:55  Factory  
  200  12:56  Factory  
  200  13:42  Factory Tech Lab  
  200  13:43  Barracks Tech Lab x3  
  200  13:53  Command Center  
  190  14:02  Marine x7  
  183  14:16  SCV x4  
  187  14:20  Refinery  
  187  14:21  Refinery  
  187  14:22  Marauder x3  
  187  14:23  Sensor Tower, Factory Tech Lab, Marauder  
  195  14:24  Medivac x2  
  195  14:28  SCV  
  195  14:30  Starport x2  
  200  14:57  Sensor Tower  
  198  15:03  Marine x6  
  198  15:04  Marauder x2  
Show
View Real Time Build Order
Export as new Build Order

MolagBal Terran - Winner!

Build Orders: Mech 

Get SALT Encoding   

  12  0:00  SCV  
  13  0:12  SCV  
  14  0:18  Supply Depot  
  14  0:41  Barracks  
  14  0:49  Refinery  
  14  0:55  Barracks  
  14  1:00  SCV  
  15  1:12  SCV  
  16  1:27  Orbital Command  
  16  1:32  Reaper  
  17  1:37  Refinery  
  17  1:50  Reaper  
  17  1:53  SCV  
  19  2:07  Reaper  
  20  2:09  Supply Depot  
  20  2:21  SCV  
  20  2:22  Reaper  
  22  2:39  Reaper  
  23  2:54  Reaper  
  24  3:01  SCV  
  24  3:03  Supply Depot, Command Center  
  25  3:11  Reaper  
  25  3:26  Reaper  
  24  3:31  SCV  
  24  3:32  Factory  
  25  3:43  SCV, Reaper  
  27  3:55  SCV  
  28  3:58  Reaper  
  29  4:07  SCV  
  30  4:11  Refinery  
  30  4:12  Refinery  
  30  4:18  Factory Tech Lab  
  30  4:19  Orbital Command  
  30  4:27  SCV  
  31  4:32  Factory  
  31  4:38  Cyclone  
  34  4:39  SCV  
  35  4:49  Orbital Command  
  35  5:00  SCV  
  36  5:13  SCV  
  37  5:19  SCV  
  38  5:22  Factory Reactor  
  38  5:23  Factory  
  38  5:25  SCV  
  39  5:31  SCV  
  35  5:37  SCV  
  36  5:43  SCV  
  36  5:46  Siege Tank  
  36  5:49  SCV  
  41  5:55  SCV  
  42  6:01  SCV  
  43  6:06  Widow Mine x2  
  43  6:07  SCV  
  43  6:08  Factory Tech Lab  
  48  6:13  SCV  
  48  6:16  Supply Depot x2  
  49  6:19  SCV  
  50  6:25  SCV  
  50  6:28  Siege Tank  
  50  6:32  Supply Depot  
  54  6:33  Supply Depot  
  54  6:37  SCV, Siege Tank  
  54  6:38  Hellion x2, SCV  
  63  6:42  Infernal Pre-Igniter  
  63  6:49  SCV  
  63  6:50  SCV  
  65  7:00  Siege Tank  
  68  7:01  SCV  
  68  7:02  SCV  
  68  7:05  Starport  
  70  7:09  Siege Tank  
  70  7:14  SCV x2  
  70  7:25  Hellion x2  
  70  7:26  SCV  
  70  7:28  SCV  
  76  7:32  Siege Tank  
  79  7:38  SCV  
  79  7:40  SCV  
  79  7:41  Siege Tank  
  83  7:44  Command Center  
  83  7:47  Starport Reactor  
  80  7:56  Hellion x2  
  84  8:02  SCV  
  85  8:08  Supply Depot  
  85  8:14  SCV  
  84  8:21  Siege Tank  
  85  8:30  SCV  
  86  8:36  Viking x2, Command Center  
  90  8:49  SCV x2  
  92  8:58  Orbital Command  
  92  9:01  SCV x2  
  93  9:06  Viking  
  95  9:13  SCV x2  
  97  9:19  Orbital Command  
  97  9:25  Siege Tank x2, SCV  
  97  9:26  SCV, Hellion x2  
  109  9:33  Refinery x2  
  109  9:36  Supply Depot  
  109  9:37  Supply Depot  
  109  9:38  Supply Depot  
  109  9:47  Viking, SCV x3  
  114  9:54  SCV  
  114  9:59  SCV x3  
  118  10:00  Siege Tank x2  
  118  10:01  Hellion x2  
  128  10:11  SCV  
  128  10:22  Engineering Bay  
  128  10:29  Factory x2  
  128  10:32  Siege Tank x2  
  128  10:34  SCV x3  
  137  10:46  SCV x2  
  137  10:47  SCV  
  140  10:58  SCV x2  
  140  10:59  SCV  
  140  11:01  Viking x2  
  147  11:06  Armory x2  
  147  11:10  SCV  
  148  11:13  Sensor Tower  
  148  11:18  Planetary Fortress  
  148  11:33  Supply Depot  
  148  11:34  Missile Turret  
  148  11:35  Supply Depot, Missile Turret  
  148  11:37  Missile Turret  
  148  11:38  Missile Turret  
  148  11:39  Missile Turret  
  148  11:41  Sensor Tower  
  148  11:42  Refinery, Missile Turret  
  148  11:44  Refinery  
  148  11:45  Factory Reactor  
  148  11:46  Factory Tech Lab  
  148  11:53  Supply Depot x2  
  148  11:54  Supply Depot, Viking  
  148  11:55  Hellion x3, SCV  
  148  11:56  SCV  
  148  11:57  Viking, Hellion  
  160  12:12  Hellion  
  162  12:16  Hellion x2  
  162  12:22  SCV x2  
  166  12:23  SCV x2  
  166  12:24  Viking  
  166  12:27  Supply Depot, Viking  
  166  12:29  Supply Depot  
  172  12:31  Terran Vehicle Weapons Level 1, Terran Vehicle And Ship Armor Level 1, Supply Depot  
  172  12:34  SCV  
  172  12:47  Missile Turret  
  172  12:49  Missile Turret  
  172  12:50  Missile Turret x2  
  172  12:51  Missile Turret  
  172  12:54  Viking  
  170  13:15  Thor x2  
  170  13:16  Thor  
  186  13:58  Thor x2  
  196  14:22  Command Center  
  196  14:23  Command Center  
  196  14:27  Command Center  
  196  14:33  Refinery  
Tags
 
Composition
Mech
Matchup
TvT
Race
Terran
Spawn Locations
Cross Positions
Add a new tag
Caveats
  • Supply blocks, unpowered buildings, or Contaminate may cause inaccurate times.
  • Supply counts are checked every 10 seconds.